Map: Emerald City LE

Players

SpikeDrone

  • Race: Protoss Protoss
  • League: Gold

Neverest

  • Race: Terran Terran

Leipe - Winner!

  • Race: Terran Terran

GekkeG - Winner!

  • Race: Zerg Zerg

VOD

Have the link to the VOD?

Description

Time

  • Played on: May 5, 2021, 5:50 p.m.
  • Length: 19:01
Show
View Real Time Build Order
Export as new Build Order

SpikeDrone Protoss 

Build Orders: 1 Gate Expand 

Get SALT Encoding   

  12  0:00  Probe  
  13  0:12  Probe  
  14  0:22  Pylon  
  14  0:24  Probe  
  15  0:40  Gateway, Probe (Chrono Boost)  
  16  0:52  Probe (Chrono Boost)  
  16  0:56  Probe (Chrono Boost)  
  18  1:07  Probe  
  19  1:18  Nexus  
  19  1:21  Probe  
  20  1:31  Cybernetics Core  
  20  1:38  Probe  
  21  1:46  Assimilator  
  21  1:51  Pylon  
  21  2:08  Nexus  
  21  2:12  Probe  
  22  2:18  Assimilator  
  22  2:29  Zealot  
  24  2:31  Probe x2 (Chrono Boost)  
  26  2:40  Probe (Chrono Boost)  
  26  2:43  Probe (Chrono Boost)  
  27  2:45  Assimilator, Probe (Chrono Boost)  
  27  2:49  Assimilator  
  29  2:53  Probe  
  29  2:57  Probe  
  31  3:06  Probe  
  31  3:08  Stargate  
  31  3:09  Probe  
  33  3:18  Probe  
  34  3:23  Stalker (Chrono Boost)  
  36  3:39  Probe x3  
  39  3:51  Probe x2  
  39  3:52  Probe  
  41  4:03  Probe x2  
  43  4:16  Probe  
  43  4:19  Probe  
  43  4:20  Probe  
  45  4:27  Oracle (Chrono Boost)  
  45  4:28  Probe  
  49  4:32  Probe x2  
  49  4:33  Stalker  
  53  4:40  Stargate  
  53  4:41  Probe (Chrono Boost)  
  53  4:44  Probe (Chrono Boost)  
  56  4:47  Probe (Chrono Boost)  
  57  4:55  Probe (Chrono Boost)  
  57  4:57  Probe (Chrono Boost)  
  57  4:59  Probe (Chrono Boost)  
  55  5:00  Probe (Chrono Boost)  
  55  5:04  Probe  
  55  5:09  Probe (Chrono Boost)  
  55  5:10  Probe (Chrono Boost)  
  47  5:17  Void Ray  
  47  5:18  Void Ray  
  47  5:21  Probe x2 (Chrono Boost)  
  48  5:22  Probe (Chrono Boost)  
  58  5:29  Pylon, Probe x2 (Chrono Boost)  
  58  5:31  Probe (Chrono Boost)  
  58  5:35  Forge, Probe (Chrono Boost)  
  60  5:42  Pylon  
  61  5:43  Pylon  
  61  5:48  Probe x2 (Chrono Boost)  
  64  5:53  Probe (Chrono Boost)  
  64  5:56  Probe x2 (Chrono Boost)  
  66  5:59  Warp Gate  
  66  6:00  Stalker, Void Ray, Probe (Chrono Boost)  
  66  6:02  Probe  
  66  6:03  Probe  
  75  6:11  Probe  
  75  6:13  Void Ray  
  75  6:14  Probe  
  75  6:15  Probe  
  78  6:24  Probe  
  83  6:26  Probe  
  83  6:27  Probe  
  83  6:29  Fleet Beacon  
  83  6:31  Shield Battery  
  85  6:41  Pylon  
  85  6:42  Assimilator  
  85  6:44  Pylon  
  85  6:46  Assimilator  
  85  6:59  Probe x3  
  88  7:11  Probe x3  
  91  7:23  Probe x3  
  91  7:24  Void Ray  
  91  7:27  Gateway  
  94  7:32  Flux Vanes  
  94  7:35  Probe  
  94  7:36  Probe  
  100  7:38  Probe  
  100  7:40  Nexus  
  100  7:41  Pylon  
  100  7:42  Pylon  
  100  7:43  Pylon x2  
  101  7:44  Pylon  
  101  7:45  Pylon  
  101  7:53  Void Ray  
  101  7:55  Pylon  
  101  7:57  Pylon  
  101  7:59  Probe x3  
  108  8:11  Probe x3  
  111  8:14  Stalker  
  113  8:23  Gateway, Probe x3  
  116  8:27  Gateway  
  116  8:29  Stalker  
  116  8:30  Gateway  
  118  8:35  Probe x3  
  117  8:43  Stalker  
  117  8:47  Probe  
  116  8:52  Gateway  
  116  8:54  Gateway  
  116  8:55  Gateway  
  116  8:56  Probe  
  116  8:58  Forge  
  116  9:01  Nexus  
  116  9:02  Pylon  
  117  9:03  Pylon, Forge  
  117  9:04  Probe x2  
  117  9:06  Pylon  
  117  9:08  Pylon  
  119  9:11  Probe  
  119  9:16  Stalker x2, Probe  
  125  9:17  Probe  
  125  9:23  Probe  
  127  9:26  Assimilator  
  127  9:28  Probe  
  128  9:32  Stalker x3  
  128  9:33  Probe  
  128  9:36  Probe  
  136  9:40  Probe  
  136  9:41  Stalker x2  
  142  9:45  Probe  
  142  9:46  Photon Cannon  
  142  9:48  Photon Cannon, Probe  
  142  9:51  Photon Cannon  
  142  9:52  Stalker x3, Probe  
  150  9:56  Probe  
  150  9:57  Probe  
  152  10:20  Stalker x3  
  152  10:21  Stalker x3  
  157  10:27  Probe x2  
  151  10:31  Stalker x2, Robotics Facility  
  151  10:33  Robotics Facility  
  151  10:34  Gateway  
  155  10:39  Probe x2  
  155  10:42  Gateway  
  157  10:46  Stalker  
  157  10:47  Stalker x5  
  157  10:48  Assimilator  
  157  10:49  Gateway  
  168  10:50  Assimilator  
  168  10:53  Probe x2  
  169  11:07  Stalker x2  
  169  11:09  Probe x2  
  173  11:17  Gateway  
  171  11:19  Stalker x5, Gateway  
  171  11:20  Stalker  
  171  11:22  Immortal x2, Probe  
  171  11:23  Probe x2  
  194  11:26  Probe  
  195  11:35  Probe  
  195  11:36  Probe x2  
  193  11:45  Stalker  
  177  11:49  Stalker x2  
  177  11:50  Stalker x3  
  177  11:52  Stalker x2  
  177  11:53  Zealot x2  
  177  11:54  Zealot  
  186  11:59  Probe  
  186  12:00  Probe x2  
  166  12:09  Stalker  
  166  12:10  Nexus  
  166  12:13  Pylon, Probe x4  
  166  12:14  Pylon  
  157  12:23  Stalker x2  
  157  12:24  Stalker x3  
  157  12:25  Stalker x3, Probe x2  
  157  12:26  Stalker x4  
  183  12:30  Protoss Ground Armor Level 1, Protoss Ground Weapons Level 1  
  183  12:33  Probe x2  
  185  12:37  Probe x2  
  187  12:45  Probe  
  187  12:46  Probe  
  189  12:56  Stalker x4  
  189  12:57  Stalker  
  187  13:13  Stalker x5  
  187  13:14  Stalker x2  
  187  13:17  Probe  
  187  13:18  Probe x3  
  153  13:51  Stalker x4  
  153  13:52  Stalker x7  
  153  13:53  Stalker x2  
  153  13:55  Probe  
  156  13:58  Fleet Beacon  
  156  14:02  Stargate  
  132  14:03  Stargate  
  124  14:18  Stalker x4  
  124  14:19  Stalker x2  
  124  14:20  Stalker x4  
  124  14:21  Stalker x3  
  106  14:40  Probe x4  
  106  14:42  Stalker x4  
  106  14:43  Stalker x2  
  106  14:44  Zealot x2  
  106  14:45  Zealot x5  
  136  14:52  Probe x2  
  137  14:59  Probe x2  
  135  15:04  Probe  
  135  15:05  Probe  
  127  15:09  Stalker  
  127  15:10  Stalker x5  
  127  15:12  Probe x2  
Show
View Real Time Build Order
Export as new Build Order

Neverest Terran 

Build Orders:  

Get SALT Encoding   

  12  0:01  SCV  
  13  0:13  SCV  
  14  0:24  Supply Depot  
  14  0:25  SCV  
  15  0:35  Supply Depot  
  15  0:45  SCV  
  16  0:53  Barracks  
  16  1:04  Supply Depot  
  16  1:19  Engineering Bay  
  16  1:20  SCV  
  17  1:32  SCV  
  18  1:43  Bunker  
  18  1:49  Marine  
  19  2:06  Refinery  
  19  2:07  Marine  
  20  2:09  Refinery  
  20  2:25  Marine  
  21  2:33  Missile Turret  
  21  2:41  SCV  
  21  2:43  Marine  
  23  2:53  SCV  
  24  3:00  Marine  
  24  3:05  SCV  
  26  3:11  Missile Turret  
  26  3:17  SCV  
  26  3:18  Marine  
  28  3:37  Marine  
  29  3:42  Terran Infantry Weapons Level 1  
  29  3:49  Orbital Command  
  29  3:54  Marine  
  30  4:08  Command Center  
  30  4:39  Bunker  
  30  4:40  Refinery  
  30  4:41  SCV  
  31  4:53  SCV  
  31  4:55  Marine  
  33  5:05  SCV  
  34  5:13  Marine  
  33  5:17  SCV  
  33  5:22  Orbital Command  
  33  5:30  Marine  
  34  5:37  Terran Infantry Armor Level 1  
  34  5:48  SCV, Marine  
  36  6:04  Factory  
  36  6:09  Barracks Tech Lab  
  36  6:29  Marine  
  37  6:37  Combat Shield  
  37  6:46  Supply Depot  
  37  6:47  Marine  
  38  7:00  Missile Turret  
  38  7:05  Marine  
  39  7:09  Supply Depot  
  39  7:19  Missile Turret  
  39  7:23  Marine  
  40  7:31  Neosteel Armor, Supply Depot  
  40  7:38  Factory Tech Lab  
  40  7:39  Missile Turret  
  40  7:41  Marine  
  41  7:46  Starport  
  41  7:54  SCV, Supply Depot  
  42  7:58  Marine  
  42  8:00  Missile Turret  
  42  8:02  Refinery  
  43  8:06  SCV  
  44  8:16  Marine  
  44  8:18  SCV  
  46  8:23  Starport  
  44  8:30  SCV  
  45  8:34  Marine  
  46  8:42  SCV  
  47  8:52  Marine  
  48  9:00  Starport  
  46  9:10  Marine  
  47  9:20  Starport Tech Lab  
  47  9:22  Starport Tech Lab  
  47  9:28  Marine  
  48  9:49  Starport Tech Lab  
  48  9:57  Armory  
  48  10:04  Command Center  
  44  10:42  Banshee x2  
  44  10:43  Banshee  
  53  11:25  Banshee x3, Missile Turret  
  53  11:28  Missile Turret  
  53  11:30  Missile Turret  
  53  11:31  Missile Turret  
  62  11:40  Cloaking Field  
  62  11:47  Command Center  
  62  12:08  Banshee x3  
  71  12:16  Terran Vehicle Weapons Level 1  
  71  12:51  Banshee  
  71  12:53  Terran Infantry Weapons Level 2  
  68  14:11  Terran Vehicle And Ship Armor Level 1  
  65  15:24  Banshee x3  
  56  15:58  Terran Infantry Weapons Level 3  
  56  16:03  SCV  
  57  16:05  Terran Ship Weapons Level 1  
  57  16:07  Banshee x3  
  57  16:08  Missile Turret  
  66  16:15  SCV  
  67  16:28  Missile Turret, SCV  
  68  16:40  SCV  
  69  16:48  Missile Turret  
  69  16:50  Banshee x3  
  69  16:52  SCV  
  79  17:08  Missile Turret  
  72  17:32  Banshee  
  72  17:35  Banshee x2  
  80  17:37  Marine  
  80  17:55  Marine  
  68  18:13  Marine  
  68  18:15  Banshee  
  68  18:18  Banshee x2  
  63  18:31  Marine  
Show
View Real Time Build Order
Export as new Build Order

Leipe Terran - Winner!

Build Orders:  

Get SALT Encoding   

  12  0:03  SCV  
  13  0:15  SCV  
  14  0:24  Supply Depot  
  14  0:43  SCV  
  15  0:52  Barracks  
  15  0:56  SCV  
  16  1:02  Refinery  
  16  1:08  SCV  
  17  1:22  Supply Depot  
  17  1:26  SCV  
  18  1:38  SCV  
  19  1:48  Supply Depot  
  19  1:53  Engineering Bay  
  19  1:54  Marine  
  20  2:00  SCV  
  21  2:11  Marine  
  21  2:12  SCV  
  23  2:16  Supply Depot  
  23  2:29  Bunker, Marine  
  24  2:35  SCV  
  25  2:42  Refinery  
  25  2:47  Marine  
  26  2:55  SCV  
  27  3:05  Marine  
  28  3:09  Command Center  
  28  3:15  SCV  
  29  3:23  Marine  
  31  3:27  SCV  
  31  3:30  Factory  
  31  3:40  Marine  
  32  3:44  SCV  
  33  3:58  Marine  
  34  4:16  Marine  
  35  4:18  Hellion  
  37  4:34  Reaper  
  38  4:40  Hellion  
  38  4:42  Barracks  
  40  4:51  SCV  
  41  4:58  SCV  
  42  5:01  Hellion  
  42  5:04  SCV  
  42  5:06  Reaper  
  46  5:10  SCV  
  47  5:20  Starport  
  47  5:22  Widow Mine  
  49  5:44  Hellion  
  51  5:57  Starport  
  51  6:00  Starport Reactor  
  51  6:02  Barracks Reactor  
  51  6:09  Factory Reactor  
  51  6:26  Armory  
  51  6:29  SCV  
  52  6:37  Liberator  
  55  6:41  SCV  
  55  6:42  Viking  
  45  7:43  Viking  
  42  7:44  Medivac  
  34  8:13  Liberator  
  34  8:14  Viking  
  33  8:29  Refinery  
  33  8:40  Hellbat  
  33  8:41  Hellbat  
  37  8:45  SCV  
  38  8:50  SCV  
  39  8:57  Marine x2  
  39  8:58  SCV  
  39  9:01  Hellbat  
  39  9:02  Hellion, SCV, Marine  
  48  9:10  SCV  
  48  9:14  Marine  
  48  9:15  Marine  
  51  9:20  Marine  
  51  9:22  SCV  
  51  9:23  Hellion, Widow Mine  
  57  9:32  Marine x2  
  57  9:34  SCV  
  57  9:38  Marine  
  60  9:39  Refinery  
  60  9:40  SCV  
  62  9:52  Supply Depot  
  62  10:13  Marine x3  
  62  10:14  Hellion, Supply Depot, Hellbat  
  63  10:31  Marine  
  64  10:37  Supply Depot  
  64  10:40  Viking x2  
  68  10:59  Supply Depot  
  51  11:36  SCV  
  51  11:39  Liberator  
  52  11:40  Liberator  
  52  11:46  Hellbat x2  
  62  11:48  SCV  
  63  12:00  SCV  
  64  12:09  SCV  
  64  12:13  SCV  
  66  12:21  SCV  
  67  12:25  SCV  
  68  12:36  Factory  
  67  12:37  SCV  
  67  12:47  Starport  
  52  13:38  Starport Tech Lab  
  52  13:41  Viking x2  
  56  14:11  Medivac x2  
  60  14:29  Factory Tech Lab  
  60  14:30  Fusion Core  
  60  14:38  Sensor Tower  
  60  14:41  Terran Infantry Weapons Level 1  
  64  14:45  Hellbat  
  64  14:46  Hellbat  
  64  14:48  Marine x2  
  70  15:07  Hellion x2  
  72  15:28  Widow Mine  
  72  15:39  Orbital Command  
  70  16:07  Thor  
  76  16:26  SCV  
  77  16:38  SCV, Marine x2  
  77  16:39  Marine  
  81  16:50  Thor, SCV  
  88  16:56  Marine, Reaper x2  
  91  17:08  Weapon Refit  
  91  17:14  Marine  
  92  17:28  Marine x2  
  94  17:50  Marine  
  94  17:51  Fusion Core  
Show
View Real Time Build Order
Export as new Build Order

GekkeG Zerg - Winner!

Build Orders: Hatch First, Brood Lord Corruptor 

Get SALT Encoding   

  12  0:01  Drone  
  13  0:13  Overlord  
  13  0:20  Drone  
  14  0:31  Drone x2  
  16  0:52  Hatchery  
  16  0:55  Drone  
  16  0:56  Drone  
  17  1:04  Drone  
  18  1:08  Drone  
  19  1:12  Extractor  
  18  1:19  Spawning Pool  
  18  1:22  Drone  
  18  1:29  Drone  
  19  1:41  Overlord  
  19  2:02  Drone x2  
  19  2:05  Drone  
  19  2:07  Queen x2  
  26  2:13  Zergling x2  
  26  2:15  Metabolic Boost  
  27  2:17  Zergling x2  
  28  2:23  Zergling x2  
  28  2:26  Drone  
  30  2:33  Drone  
  32  2:37  Zergling x2  
  32  2:48  Drone x2  
  34  2:54  Drone  
  35  3:01  Drone  
  36  3:09  Overlord x2  
  36  3:12  Hatchery  
  36  3:15  Extractor  
  36  3:18  Drone  
  34  3:36  Zergling x4  
  34  3:37  Zergling x10  
  39  3:49  Zergling x6  
  39  3:50  Zergling x6  
  39  3:53  Drone  
  43  4:25  Drone x5  
  43  4:26  Drone x2  
  50  4:35  Drone  
  50  4:38  Drone x2, Extractor x2  
  52  4:41  Lair  
  51  4:47  Drone x3  
  50  5:10  Drone x2  
  50  5:11  Drone x6  
  53  5:18  Drone  
  52  5:22  Drone x2  
  52  5:23  Queen x2  
  58  5:32  Overlord x2  
  58  5:38  Evolution Chamber x2  
  56  5:44  Spore Crawler  
  55  5:50  Spore Crawler  
  55  5:52  Spore Crawler  
  55  5:53  Drone x2  
  55  5:54  Drone  
  55  5:55  Drone  
  55  5:56  Drone x3, Hatchery  
  59  5:58  Hatchery  
  59  6:01  Drone x3  
  61  6:10  Drone x2  
  63  6:11  Drone  
  63  6:18  Drone x2  
  66  6:21  Drone x3, Spire  
  66  6:24  Zerg Melee Weapons Level 1  
  68  6:27  Baneling Nest, Drone x3  
  68  6:32  Zerg Ground Armor Level 1  
  70  6:33  Infestation Pit  
  69  6:41  Extractor  
  69  6:42  Extractor  
  69  6:44  Spine Crawler x2  
  65  6:56  Drone x4  
  69  7:07  Drone x2  
  71  7:13  Queen x2  
  71  7:14  Queen x2  
  77  7:19  Drone  
  77  7:21  Drone x2  
  77  7:22  Drone x6  
  86  7:24  Overlord  
  86  7:25  Overlord  
  86  7:49  Drone x4, Extractor  
  86  7:50  Extractor  
  88  7:53  Spine Crawler  
  88  7:56  Spine Crawler, Spore Crawler  
  88  7:57  Corruptor, Zerg Flyer Weapons Level 1  
  88  7:58  Corruptor x8, Spore Crawler  
  88  8:04  Overlord  
  88  8:05  Overlord  
  102  8:06  Spire, Zergling x2  
  102  8:12  Spine Crawler  
  100  8:15  Zergling x2  
  100  8:16  Zergling x2  
  100  8:18  Overlord x3  
  100  8:19  Zerg Melee Weapons Level 2  
  100  8:42  Corruptor x5  
  110  8:50  Zergling x18  
  110  8:51  Zergling x18  
  127  9:06  Overlord x4  
  127  9:08  Hive  
  127  9:11  Centrifical Hooks  
  127  9:15  Overlord  
  127  9:16  Overlord x3  
  127  9:23  Extractor  
  125  9:34  Overseer  
  125  9:37  Pneumatized Carapace  
  125  9:42  Overseer  
  125  9:45  Corruptor  
  125  9:46  Corruptor x3  
  125  9:48  Overlord  
  125  9:51  Zerg Flyer Armor Level 1  
  133  10:02  Drone x3  
  133  10:03  Drone  
  133  10:04  Drone x2  
  139  10:23  Corruptor  
  139  10:24  Corruptor x5  
  139  10:26  Drone x2  
  139  10:27  Drone  
  139  10:28  Drone x6  
  158  10:29  Drone x2  
  162  10:40  Drone x5  
  167  10:46  Greater Spire  
  167  10:47  Corruptor x3  
  173  10:58  Corruptor x2  
  173  10:59  Corruptor  
  179  11:07  Overlord x3  
  179  11:11  Zerg Melee Weapons Level 3  
  179  11:16  Overlord x4  
  175  11:45  Zerg Flyer Weapons Level 2  
  175  11:54  Zerg Ground Armor Level 2  
  173  12:08  Brood Lord x7  
  173  12:11  Corruptor, Overlord x2  
  173  12:12  Overlord  
  172  12:31  Hatchery  
  172  12:32  Zerg Flyer Armor Level 2  
  171  12:40  Corruptor x2, Overlord  
  171  12:41  Corruptor x2  
  171  12:43  Hatchery x2  
  177  12:45  Overseer x2  
  175  12:52  Hatchery  
  170  13:01  Brood Lord x3  
  176  13:18  Spore Crawler  
  171  13:23  Overseer  
  171  13:48  Zerg Missile Weapons Level 1  
  171  14:04  Drone x3  
  171  14:06  Corruptor x13  
  200  14:11  Brood Lord  
  200  14:12  Overlord x5  
  200  14:13  Overlord x2  
  196  14:42  Spore Crawler  
  195  15:01  Brood Lord  
  195  15:02  Brood Lord  
  195  15:05  Zerg Ground Armor Level 3, Zerg Flyer Weapons Level 3  
  195  15:06  Zerg Flyer Armor Level 3  
  199  15:08  Zergling x2  
  199  15:10  Overlord x3  
  200  15:18  Spore Crawler x2  
  200  15:20  Spore Crawler  
  194  15:23  Overseer  
  192  15:46  Overlord x2  
  192  15:47  Corruptor x2, Zergling x2  
  192  15:48  Corruptor  
  199  16:05  Hatchery  
  198  16:14  Hatchery  
  197  17:07  Zergling x6  
  200  17:24  Overseer x2  
  200  17:26  Overseer  
  199  17:50  Extractor  
  197  17:51  Extractor  
  196  18:03  Hatchery  
  196  18:04  Hatchery  
  186  18:18  Overlord x2  
  186  18:48  Extractor  
  185  18:51  Extractor  
Tags
 
Add a new tag
Caveats
  • Supply blocks, unpowered buildings, or Contaminate may cause inaccurate times.
  • Supply counts are checked every 10 seconds.